| TOP OF THE 1ST |
|
Dayton Dragons batting - Pitching for Atlanta (MID) Braves : RHP Iestyn Nicholls
|
|
Pitching: RHP Iestyn Nicholls
|
|
|
Batting: LHB Matt Kennedy
|
0-0: Foul Ball, location: 2F 0-1: DOUBLE (Line Drive, 89XD, EV 101.2 MPH)
|
|
Batting: LHB Chris Redhead
|
0-0: Ball 1-0: Ball 2-0: Called Strike 2-1: Foul Ball, location: 2F 2-2: Ground out 5-3 (Groundball, 56S, EV 73.8 MPH) Matt Kennedy to third
|
|
Batting: RHB Andy Bachman
|
0-0: Ball 1-0: Ball 2-0: Called Strike 2-1: Called Strike 2-2: Ground out 5-3 (Groundball, 56, EV 84.4 MPH) Matt Kennedy scores
|
|
Batting: LHB Ray Walden
|
0-0: Called Strike 0-1: Called Strike 0-2: Foul Ball, location: 2F 0-2: Ball 1-2: Fly out, F5 (Popup, 56S, EV 73.1 MPH)
|
| Top of the 1st over - 1 run, 1 hit, 0 errors, 0 left on base; Dayton 1 - Atlanta (MID) 0 |
| BOTTOM OF THE 1ST |
|
Atlanta (MID) Braves batting - Pitching for Dayton Dragons : RHP Narciso Umbelino
|
|
Pitching: RHP Narciso Umbelino
|
|
|
Batting: RHB Badr al Din Ridha
|
0-0: Foul Ball, location: 2F 0-1: Fly out, F8 (Flyball, 8LM, EV 80.6 MPH)
|
|
Batting: RHB George Provance
|
0-0: SINGLE (Groundball, 56S, EV 72.5 MPH) (infield hit)
|
|
Batting: RHB Zheng-ze King
|
0-0: Ball George Provance steals 2nd base (no throw) 1-0: SINGLE (Line Drive, 6D, EV 93.8 MPH) George Provance to third Runner from 3rd tries for Home, SAFE, throw by LF to home
|
|
Batting: SHB Richello Badua
|
0-0: Ball 1-0: Swinging Strike 1-1: Swinging Strike 1-2: Foul Ball, location: 2F 1-2: Ball 2-2: Strikes out swinging
|
|
Batting: RHB Josh McCormick
|
0-0: Called Strike 0-1: Ball Zheng-ze King steals 2nd base 1-1: Ball 2-1: Fly out, F2 (Popup, 23F, EV 78.8 MPH)
|
| Bottom of the 1st over - 1 run, 2 hits, 0 errors, 1 left on base; Dayton 1 - Atlanta (MID) 1 |
| TOP OF THE 2ND |
|
Dayton Dragons batting - Pitching for Atlanta (MID) Braves : RHP Iestyn Nicholls
|
|
Batting: RHB Mark Williams
|
0-0: Called Strike 0-1: Foul Ball, location: 2F 0-2: Ground out 2-3 (Groundball, 13S, EV 74.4 MPH)
|
|
Batting: RHB Chris Zamora
|
0-0: Called Strike 0-1: Ground out 3-1 (Groundball, 34S, EV 80.6 MPH)
|
|
Batting: RHB Juan Zamora
|
0-0: Called Strike 0-1: Ground out 5-3 (Groundball, 56, EV 83.1 MPH)
|
| Top of the 2nd over - 0 runs, 0 hits, 0 errors, 0 left on base; Dayton 1 - Atlanta (MID) 1 |
| BOTTOM OF THE 2ND |
|
Atlanta (MID) Braves batting - Pitching for Dayton Dragons : RHP Narciso Umbelino
|
|
Batting: LHB Oke Monti
|
0-0: Ball 1-0: DOUBLE (Flyball, 9LD, EV 101.2 MPH)
|
|
Batting: RHB Nick Holsinger
|
0-0: Ball 1-0: Ball 2-0: Foul Ball, location: 2F 2-1: Foul Ball, location: 2F 2-2: Strikes out swinging
|
|
Batting: RHB Gerard Michel
|
0-0: Ball 1-0: Foul Ball, location: 2F 1-1: Ball 2-1: Foul Ball, location: 2F 2-2: Ball 3-2: Strikes out looking
|
|
Batting: LHB Joe Phillips
|
0-0: Ball 1-0: Ball 2-0: Ball 3-0: Called Strike 3-1: Called Strike 3-2: Foul Ball, location: 2F 3-2: Foul Ball, location: 2F 3-2: Foul Ball, location: 2F 3-2: Strikes out looking
|
| Bottom of the 2nd over - 0 runs, 1 hit, 0 errors, 1 left on base; Dayton 1 - Atlanta (MID) 1 |
| TOP OF THE 3RD |
|
Dayton Dragons batting - Pitching for Atlanta (MID) Braves : RHP Iestyn Nicholls
|
|
Batting: RHB Aaron Barraza
|
0-0: Ball 1-0: Ball 2-0: Swinging Strike 2-1: Ball 3-1: Foul Ball, location: 2F 3-2: Base on Balls
|
|
Batting: LHB Gabe Morales
|
0-0: Ball Aaron Barraza steals 2nd base 1-0: Foul Ball, location: 2F 1-1: Ball 2-1: Foul Ball, location: 2F 2-2: Strikes out swinging
|
|
Batting: LHB Matt Kennedy
|
0-0: Called Strike 0-1: Ball 1-1: Swinging Strike 1-2: Ball 2-2: Ball 3-2: Ground out 6-3 (Groundball, 6M, EV 90.0 MPH) Aaron Barraza to third
|
|
Batting: LHB Chris Redhead
|
0-0: Ball 1-0: Foul Ball, location: 2F 1-1: Ball 2-1: Foul Ball, location: 2F 2-2: Ball 3-2: Foul Ball, location: 2F 3-2: Ground out 4-3 (Groundball, 4S, EV 81.9 MPH)
|
| Top of the 3rd over - 0 runs, 0 hits, 0 errors, 1 left on base; Dayton 1 - Atlanta (MID) 1 |
| BOTTOM OF THE 3RD |
|
Atlanta (MID) Braves batting - Pitching for Dayton Dragons : RHP Narciso Umbelino
|
|
Batting: RHB Badr al Din Ridha
|
0-0: Ball 1-0: Ground out 6-3 (Groundball, 6, EV 83.8 MPH)
|
|
Batting: RHB George Provance
|
0-0: SINGLE (Groundball, 4M, EV 105.0 MPH) (infield hit)
|
|
Batting: RHB Zheng-ze King
|
0-0: Ground out U3 (Groundball, 3S, EV 67.5 MPH) George Provance to second
|
|
Batting: SHB Richello Badua
|
0-0: Ball 1-0: Ball 2-0: Ball 3-0: Base on Balls
|
|
Batting: RHB Josh McCormick
|
0-0: Ball 1-0: Fly out, F9 (Flyball, 89S, EV 89.4 MPH)
|
| Bottom of the 3rd over - 0 runs, 1 hit, 0 errors, 2 left on base; Dayton 1 - Atlanta (MID) 1 |
| TOP OF THE 4TH |
|
Dayton Dragons batting - Pitching for Atlanta (MID) Braves : RHP Iestyn Nicholls
|
|
Batting: RHB Andy Bachman
|
0-0: Ball 1-0: Ground out 4-3 (Groundball, 4, EV 101.2 MPH)
|
|
Batting: LHB Ray Walden
|
0-0: Ball 1-0: Ground out 3-1 (Groundball, 34, EV 101.2 MPH)
|
|
Batting: RHB Mark Williams
|
0-0: Called Strike 0-1: Called Strike 0-2: Fly out, F6 (Line Drive, 6, EV 76.2 MPH)
|
| Top of the 4th over - 0 runs, 0 hits, 0 errors, 0 left on base; Dayton 1 - Atlanta (MID) 1 |
| BOTTOM OF THE 4TH |
|
Atlanta (MID) Braves batting - Pitching for Dayton Dragons : RHP Narciso Umbelino
|
|
Batting: LHB Oke Monti
|
0-0: Ball 1-0: Ball 2-0: Foul Ball, location: 2F 2-1: Ground out 5-3 (Groundball, 6S, EV 64.4 MPH)
|
|
Batting: RHB Nick Holsinger
|
0-0: Ball 1-0: Ball 2-0: Ground out 5-3 (Groundball, 15, EV 79.4 MPH)
|
|
Batting: RHB Gerard Michel
|
0-0: Ball 1-0: Foul Ball, location: 2F 1-1: Ball 2-1: Called Strike 2-2: Reached on error, E4 (Groundball, 6M, EV 81.9 MPH)
|
|
Batting: LHB Joe Phillips
|
0-0: Hit by Pitch Gerard Michel to second
|
|
Batting: RHB Badr al Din Ridha
|
0-0: Ball 1-0: Ground out U3 (Groundball, 34, EV 81.2 MPH)
|
| Bottom of the 4th over - 0 runs, 0 hits, 1 error, 2 left on base; Dayton 1 - Atlanta (MID) 1 |
| TOP OF THE 5TH |
|
Dayton Dragons batting - Pitching for Atlanta (MID) Braves : RHP Iestyn Nicholls
|
|
Batting: RHB Chris Zamora
|
0-0: DOUBLE (Line Drive, 9LM, EV 104.4 MPH)
|
|
Batting: RHB Juan Zamora
|
0-0: Called Strike 0-1: Called Strike 0-2: Strikes out swinging
|
|
Batting: RHB Aaron Barraza
|
0-0: Swinging Strike 0-1: Foul Ball, location: 2F 0-2: Ball 1-2: Ball 2-2: Ball 3-2: Foul Ball, location: 2F 3-2: Strikes out looking
|
|
Batting: LHB Gabe Morales
|
0-0: Called Strike 0-1: Foul Ball, location: 2F 0-2: Ball 1-2: Ball 2-2: Strikes out swinging
|
| Top of the 5th over - 0 runs, 1 hit, 0 errors, 1 left on base; Dayton 1 - Atlanta (MID) 1 |
| BOTTOM OF THE 5TH |
|
Atlanta (MID) Braves batting - Pitching for Dayton Dragons : RHP Narciso Umbelino
|
|
Batting: RHB George Provance
|
0-0: Swinging Strike 0-1: Swinging Strike 0-2: Strikes out swinging
|
|
Batting: RHB Zheng-ze King
|
0-0: Called Strike 0-1: Called Strike 0-2: Ball 1-2: Ball 2-2: Ground out 6-3 (Groundball, 6, EV 103.1 MPH)
|
|
Batting: SHB Richello Badua
|
0-0: Swinging Strike 0-1: Ball 1-1: Ground out 5-3 (Groundball, 56S, EV 85.0 MPH)
|
| Bottom of the 5th over - 0 runs, 0 hits, 0 errors, 0 left on base; Dayton 1 - Atlanta (MID) 1 |
| TOP OF THE 6TH |
|
Dayton Dragons batting - Pitching for Atlanta (MID) Braves : RHP Iestyn Nicholls
|
|
Batting: LHB Matt Kennedy
|
0-0: Ball 1-0: Ball 2-0: Ground out 4-3 (Groundball, 34D, EV 106.9 MPH)
|
|
Batting: LHB Chris Redhead
|
0-0: Ball 1-0: Ball 2-0: Ball 3-0: Base on Balls
|
|
Batting: RHB Andy Bachman
|
0-0: Called Strike Pickoff Throw to First - Out! 1-3 0-1: Called Strike 0-2: Ball 1-2: Ball 2-2: Ball 3-2: SINGLE (Line Drive, 9LS, EV 104.4 MPH)
|
|
Batting: LHB Ray Walden
|
0-0: Called Strike 0-1: Foul Ball, location: 2F 0-2: Ball 1-2: Strikes out looking
|
| Top of the 6th over - 0 runs, 1 hit, 0 errors, 1 left on base; Dayton 1 - Atlanta (MID) 1 |
| BOTTOM OF THE 6TH |
|
Atlanta (MID) Braves batting - Pitching for Dayton Dragons : RHP Narciso Umbelino
|
|
Batting: RHB Josh McCormick
|
0-0: Called Strike 0-1: Called Strike 0-2: Foul Ball, location: 2F 0-2: Ball 1-2: Strikes out swinging
|
|
Batting: LHB Oke Monti
|
0-0: Ball 1-0: DOUBLE (Line Drive, 9LM, EV 106.2 MPH)
|
|
Batting: RHB Nick Holsinger
|
0-0: Called Strike 0-1: Ball 1-1: Swinging Strike 1-2: Ball 2-2: Ball Wild Pitch! Oke Monti to third 3-2: Base on Balls
|
|
Batting: RHB Gerard Michel
|
0-0: Called Strike 0-1: Ball 1-1: Foul Ball, location: 2F 1-2: Strikes out looking Nick Holsinger is caught stealing 2nd base 2-4 Batter strikes out.
|
| Bottom of the 6th over - 0 runs, 1 hit, 0 errors, 1 left on base; Dayton 1 - Atlanta (MID) 1 |
| TOP OF THE 7TH |
|
Dayton Dragons batting - Pitching for Atlanta (MID) Braves : RHP Iestyn Nicholls
|
|
Batting: RHB Mark Williams
|
0-0: Ball 1-0: Fly out, F7 (Line Drive, 7, EV 95.0 MPH)
|
|
Pitching: RHP Seriozha Darzinsh
|
|
|
Batting: RHB Chris Zamora
|
0-0: SOLO HOME RUN (Flyball, 78XD, EV 105.0 MPH), Distance : 428 ft
|
|
Batting: RHB Juan Zamora
|
0-0: Swinging Strike 0-1: Fly out, F4 (Flyball, 4D, EV 90.6 MPH)
|
|
Batting: RHB Aaron Barraza
|
0-0: Ball 1-0: Called Strike 1-1: Ball 2-1: Ball 3-1: Swinging Strike 3-2: Ground out 4-3 (Groundball, 34, EV 86.9 MPH)
|
| Top of the 7th over - 1 run, 1 hit, 0 errors, 0 left on base; Dayton 2 - Atlanta (MID) 1 |
| BOTTOM OF THE 7TH |
|
Atlanta (MID) Braves batting - Pitching for Dayton Dragons : RHP Narciso Umbelino
|
|
Now at 1B: Yutaka Sato
|
|
|
Now at 2B: Jeremy Robertson
|
|
|
Now at SS: Juan Zamora
|
|
|
Batting: LHB Joe Phillips
|
0-0: Called Strike 0-1: Ball 1-1: Swinging Strike 1-2: Foul Ball, location: 2F 1-2: SINGLE (Groundball, 56D, EV 94.4 MPH)
|
|
Pitching: RHP Jose Marrero
|
|
|
Batting: RHB Badr al Din Ridha
|
0-0: Bunted foul 0-1: Sac Bunt to 2R - play at first, batter OUT! 2-3 Joe Phillips to second
|
|
Pinch Hitting: RHB Terry Hughes
|
0-0: Called Strike 0-1: Ball 1-1: Foul Ball, location: 2F 1-2: Ball Wild Pitch! Joe Phillips to third 2-2: Ball 3-2: Strikes out swinging
|
|
Batting: RHB Zheng-ze King
|
0-0: Called Strike 0-1: Fly out, F4 (Popup, 4D, EV 51.2 MPH)
|
| Bottom of the 7th over - 0 runs, 1 hit, 0 errors, 1 left on base; Dayton 2 - Atlanta (MID) 1 |
| TOP OF THE 8TH |
|
Dayton Dragons batting - Pitching for Atlanta (MID) Braves : RHP Seriozha Darzinsh
|
|
Now in CF: Badr al Din Ridha
|
|
|
Now in RF: Adonis Jenifer
|
|
|
Batting: LHB Gabe Morales
|
0-0: Called Strike 0-1: Swinging Strike 0-2: Ball 1-2: Strikes out swinging
|
|
Batting: LHB Matt Kennedy
|
0-0: SINGLE (Groundball, 4MD, EV 95.0 MPH)
|
|
Batting: LHB Chris Redhead
|
0-0: Ball Matt Kennedy is caught stealing 2nd base 2-6 1-0: Swinging Strike 1-1: Foul Ball, location: 2F 1-2: SINGLE (Groundball, 6MS, EV 86.9 MPH) (infield hit)
|
|
Pinch Runner at 1st Leo Gomez:
|
|
|
Batting: RHB Andy Bachman
|
0-0: Called Strike 0-1: Ball 1-1: Called Strike 1-2: Foul Ball, location: 2F 1-2: Ball 2-2: Ball 3-2: Foul Ball, location: 2F 3-2: Foul Ball, location: 2F 3-2: Ground out 5-3 (Groundball, 56S, EV 70.6 MPH)
|
| Top of the 8th over - 0 runs, 2 hits, 0 errors, 1 left on base; Dayton 2 - Atlanta (MID) 1 |
| BOTTOM OF THE 8TH |
|
Atlanta (MID) Braves batting - Pitching for Dayton Dragons : RHP Jose Marrero
|
|
Pitching: RHP Brian Trejo
|
|
|
Now in LF: Jake Savell
|
|
|
Now in RF: Tim Kirk
|
|
|
Batting: SHB Richello Badua
|
0-0: Called Strike 0-1: Ball 1-1: Ball 2-1: Ball 3-1: Called Strike 3-2: Foul Ball, location: 2F 3-2: Foul Ball, location: 2F 3-2: SOLO HOME RUN (Flyball, 9D, EV 95.0 MPH), Distance : 366 ft
|
|
Batting: RHB Josh McCormick
|
0-0: Foul Ball, location: 2F 0-1: Ball 1-1: SINGLE (Line Drive, 9LS, EV 91.9 MPH)
|
|
Batting: LHB Oke Monti
|
0-0: Ball 1-0: Foul Ball, location: 2F 1-1: Ball 2-1: Ball 3-1: Base on Balls Josh McCormick to second
|
|
DELAY
|
Rain delay of 11 minutes in the 8th inning.
|
|
Batting: RHB Nick Holsinger
|
0-0: Ball 1-0: Fly out, F4 (Popup, 4, EV 55.0 MPH)
|
|
Batting: RHB Gerard Michel
|
0-0: Sac Bunt to 25 - play at third, runner OUT! 5-6 Oke Monti to second
|
|
Batting: LHB Joe Phillips
|
0-0: Called Strike 0-1: Fielders Choice at 2nd, 5-4 (Groundball, 56, EV 103.1 MPH)
|
| Bottom of the 8th over - 1 run, 2 hits, 0 errors, 2 left on base; Dayton 2 - Atlanta (MID) 2 |
| TOP OF THE 9TH |
|
Dayton Dragons batting - Pitching for Atlanta (MID) Braves : RHP Seriozha Darzinsh
|
|
Pitching: LHP Darius Brown
|
|
|
Batting: LHB Jeremy Robertson
|
0-0: Called Strike 0-1: Ball 1-1: Ball 2-1: Swinging Strike 2-2: Foul Ball, location: 2F 2-2: Foul Ball, location: 2F 2-2: Strikes out swinging
|
|
Batting: RHB Yutaka Sato
|
0-0: Foul Ball, location: 2F 0-1: Called Strike 0-2: Ball 1-2: Strikes out swinging
|
|
Batting: RHB Chris Zamora
|
0-0: Ball 1-0: Called Strike 1-1: Ground out 4-3 (Groundball, 4, EV 100.6 MPH)
|
| Top of the 9th over - 0 runs, 0 hits, 0 errors, 0 left on base; Dayton 2 - Atlanta (MID) 2 |
| BOTTOM OF THE 9TH |
|
Atlanta (MID) Braves batting - Pitching for Dayton Dragons : RHP Brian Trejo
|
|
Pitching: RHP Aaron McArdle
|
|
|
Batting: RHB Badr al Din Ridha
|
0-0: Called Strike 0-1: Foul Ball, location: 2F 0-2: Ball 1-2: Ball 2-2: Ball 3-2: Ground out 5-3 (Groundball, 5, EV 85.6 MPH)
|
|
Pinch Hitting: LHB Andres Aldape
|
0-0: Called Strike 0-1: Foul Ball, location: 2F 0-2: Ball 1-2: Strikes out swinging
|
|
Batting: RHB Zheng-ze King
|
0-0: SOLO HOME RUN (Flyball, 7D, EV 99.4 MPH), Distance : 370 ft
|
| Bottom of the 9th over - 1 run, 1 hit, 0 errors, 0 left on base; Dayton 2 - Atlanta (MID) 3 |
|